 Dungeon Crawl Stone Soup version 0.23-a0-448-g1c01f63 (console) character file.

2 utis the Sneak (level 1, 1/15 HPs)
             Began as a Naga Enchanter on Nov 20, 2018.
             Quit the game on level 1 of the Dungeon.
             The game lasted 00:01:08 (230 turns).

utis the Sneak (Naga Enchanter)                      Turns: 230, Time: 00:01:09

Health: 1/15       AC:  1    Str: 10    XL:     1   Next: 40%
Magic:  3/3        EV: 10    Int: 15    God:
Gold:   0          SH:  0    Dex: 11    Spells: 3/4 levels left

rFire    . . .     SeeInvis +   a - +1 dagger
rCold    . . .     Gourm    .   (no shield)
rNeg     . . .     Faith    .   b - +0 robe
rPois    +         Spirit   .   (no helmet)
rElec    .         Reflect  .   (no cloak)
rCorr    .         Harm     .   (no gloves)
MR       .....                  (no barding)
Stlth    +++.......             (no amulet)
HPRegen  0.05/turn              (no ring)
MPRegen  0.08/turn              (no ring)

@: very slow
A: large, see invisible, deformed body, poison resistance, slowness 2, slow
metabolism 1, spit poison 1, AC +0
a: Spit Poison


You were on level 1 of the Dungeon.
You were not hungry.

You visited 1 branch of the dungeon, and saw 1 of its levels.

Inventory:

Hand Weapons
 a - a +1 dagger (weapon)
Armour
 b - a +0 robe (worn)
Jewellery
 e - a cursed amulet of inaccuracy {unknown}
Scrolls
 c - 3 scrolls of identify {unknown}
Comestibles
 d - a ration {@e1}
 f - a chunk of flesh


   Skills:
 - Level 1.0 Short Blades
 - Level 1.5 Dodging
 + Level 4.6 Stealth
 - Level 2.0 Spellcasting
 + Level 3.1 Hexes


You had 3 spell levels left.
You knew the following spells:

 Your Spells              Type           Power        Failure   Level  Hunger
z - Corona                Hex            ##.....      6%          1    #......

Your spell library contained the following spells:

 Spells                   Type           Power        Failure   Level  Hunger
 Ensorcelled Hibernation  Hex/Ice        #.....       19%         2    ###....
 Confuse                  Hex            ##......     19%         3    ###....
 Tukima's Dance           Hex            ##......     19%         3    ###....
 Dazzling Spray           Conj/Hex       #.....       34%         3    ###....


Dungeon Overview and Level Annotations

Branches:
Dungeon (1/15)

Altars:


Innate Abilities, Weirdness & Mutations

You cannot wear boots.
Your serpentine skin is tough. (AC +0)
You have supernaturally acute eyesight. (SInv)
Armour fits poorly on your strangely shaped body.
Your system is resistant to poisons. (rPois)
You cover ground very slowly.
You have a slow metabolism.
You can spit poison.


Message History

The jackal bites you.
* * * LOW HITPOINT WARNING * * *
You barely miss the jackal.
The jackal is severely wounded.
The jackal barks!
The jackal bites you.
* * * LOW HITPOINT WARNING * * *
You barely miss the jackal. You hit the jackal.
The jackal is heavily wounded.
The jackal barely misses you. The jackal closely misses you.
You hit the jackal but do no damage.
The jackal is moderately wounded.
The jackal bites you.
* * * LOW HITPOINT WARNING * * *
You barely miss the jackal.
The jackal is moderately wounded.
The jackal bites you.
* * * LOW HITPOINT WARNING * * *
Are you sure you want to abandon this character and quit the game? (Confirm

▓.. ..░.░ h░ ▓▓▓..
░.░.░ h░ .▓..
░.░.░ .░ ..░
░.░.░░░.░ . ░. ▓.░
░.░.....░░.░ .. ░.
▓.░░░░.░........░
...░.
▓.......h░░░░░░.░
...░.░░░▓.░░░░.░h░
.............░.░N░
░...........░.░.░
░░░░░...░.)░░░.░.░
...............░.░
░░░░.......░░░░░.░
░.......░ ░.░
░░░░░........ ░.░
..............░░.░
..............░


You could see 2 jackals.

Vanquished Creatures
  A kobold (D:1)
  A goblin (D:1)
  A rat (D:1)
3 creatures vanquished.

Notes
Turn   | Place    | Note
-------+----------+-------------------------------------------
     0 | D:1      | utis the Naga Enchanter began the quest for the Orb.
     0 | D:1      | Reached XP level 1. HP: 15/15 MP: 3/3
   230 | D:1      | Quit the game

Vault maps used:
D:1:      dpeg_arrival_rooms_c, nrook_loot_triangle

Action                   || total
-------------------------++-------
Melee: Dagger            ||    17
 Abil: Spit Poison       ||     2
 Stab: Sleeping          ||     1
Armor: Robe              ||     1
Dodge: Dodged            ||     7

Table legend:
 A = Non-vault XP
 B = Vault XP
 C = Vault XP percentage of total XP
 D = Non-vault monster count
 E = Vault monster count
 F = Vault count percentage of total count
                 A         B        C        D         E       F
            +---------+---------+-------+---------+---------+-------
      Total |       4 |       0 |   0.0 |       3 |       0 |   0.0
            +---------+---------+-------+---------+---------+-------
        D:1 |       4 |       0 |   0.0 |       3 |       0 |   0.0
            +---------+---------+-------+---------+---------+-------
